 Dungeon Crawl Stone Soup version 0.22-a0-815-gb582571 (webtiles) character file.

33 suicidejoker the Shooter (level 3, 0/22 HPs)
             Began as a Kobold Hunter on July 24, 2018.
             Succumbed to an adder's poison
             ... on level 2 of the Dungeon.
             The game lasted 00:01:40 (1086 turns).

suicidejoker the Shooter (Kobold Hunter)            Turns: 1086, Time: 00:01:41

Health: 0/22       AC:  3    Str: 10    XL:     3   Next: 47%
Magic:  3/3        EV: 15    Int: 12    God:
Gold:   46         SH:  0    Dex: 15    Spells: 2/2 levels left

rFire    . . .     SeeInvis .   a - +1 shortbow
rCold    . . .     Gourm    .   (shield currently unavailable)
rNeg     . . .     Faith    .   c - +0 leather armour
rPois    .         Spirit   .   (no helmet)
rElec    .         Reflect  .   (no cloak)
rCorr    .         Harm     .   (no gloves)
MR       .....                  (no boots)
Stlth    ++........             (no amulet)
HPRegen  0.07/turn              (no ring)
MPRegen  0.08/turn              (no ring)

@: lethally poisoned (0 -> -11), flying
A: small, carnivore
a: no special abilities


You were on level 2 of the Dungeon.
You were not hungry.

You visited 1 branch of the dungeon, and saw 2 of its levels.

You collected 46 gold pieces.

Inventory:

Hand Weapons
 a - a +1 shortbow (weapon)
 b - a +0 short sword
Missiles
 d - 22 arrows (quivered)
 m - 25 bolts
Armour
 c - a +0 leather armour (worn)
Scrolls
 g - 3 scrolls of enchant armour {unknown}
 h - 5 scrolls of identify {unknown}
 i - a scroll of noise {unknown}
 l - 2 scrolls of amnesia {unknown}
Potions
 j - a potion of flight
 k - a potion of magic
Comestibles
 f - a ration


   Skills:
 + Level 2.7 Fighting
 * Level 4.5 Bows
 + Level 3.0 Dodging
 - Level 1.3 Stealth


You had 2 spell levels left.
You didn't know any spells.
Your spell library was empty.

Dungeon Overview and Level Annotations

Branches:
Dungeon (2/15)

Altars:


Innate Abilities, Weirdness & Mutations

You are small and have problems with some larger weapons.
You are carnivorous and can eat meat at any time.


Message History

You feel sick. The adder closely misses you.
Firing (i - inventory)
d - 23 arrows (quivered)
Press: ? - help, Shift-Dir - straight line, f/p - adder
Aim: an adder (severely wounded)
You shoot an arrow. The arrow closely misses the adder.
The adder bites you.
* * * LOW HITPOINT WARNING * * *
You are more poisoned.
The adder poisons you! The adder barely misses you.
It was a potion of flight.
You feel very buoyant.
You fly up into the air.
* * * LOW HITPOINT WARNING * * *
You feel sick. The adder completely misses you.
It was a potion of magic.
Magic courses through your body.
* * * LOW HITPOINT WARNING * * *
You feel sick. The adder bites you but does no damage.
Okay, then.
As you read the scroll labeled YRETWE XOGO, it crumbles to dust.
You feel blessed for a moment.
It was a scroll of remove curse.
You die...

#.....PP....#
PP#P#..#....#
.........(..#
.?..........#
..##.......)#
.>...[....###
..........#
..........#
.....##.#@#
.....
#.#)Sw(....
....
#+######...
.... ..?


You could see a worm and an adder.

Vanquished Creatures
  A worm (D:2)
  A giant cockroach (D:1)
  2 goblins
  A hobgoblin (D:2)
  8 jackals
  A quokka (D:2)
  4 bats
  5 frilled lizards
  4 kobolds
  A rat (D:1)
28 creatures vanquished.

Notes
Turn   | Place    | Note
-------+----------+-------------------------------------------
     0 | D:1      | suicidejoker the Kobold Hunter began the quest for the Orb.
     0 | D:1      | Reached XP level 1. HP: 12/12 MP: 1/1
   248 | D:1      | Reached XP level 2. HP: 18/18 MP: 2/2
  1012 | D:2      | Reached XP level 3. HP: 22/22 MP: 3/3
  1085 | D:2      | HP: 1/22 [poisoned by an adder]
  1086 | D:2      | Succumbed to an adder's poison

Vault maps used:
D:1:      lemuel_arrival_broad_hall
D:2:      cheibrodos_old_hovel

Skill      XL: |  1  2  3 |
---------------+----------+-----
Dodging        | 3 |  3.0
Fighting       | |  2.7
Bows           | |  4.5
Stealth        | |  1.3

Action                   || total
-------------------------++-------
 Fire: Shortbow          ||    72
  Use: Potion            ||     2
       Scroll            ||     1
Armor: Leather armour    ||     8
Dodge: Dodged            ||    40

Table legend:
 A = Spawn XP
 B = Non-spawn XP
 C = Spawn XP percentage of total XP
 D = Spawn monster count
 E = Non-spawn monster count
 F = Spawn count percentage of total count
 G = Total turns spent on level
                    A         B        C        D         E        F      G
               +---------+---------+-------+---------+---------+-------+---------
         Total |       0 |      48 |   0.0 |       0 |      28 |   0.0 |  1086
               +---------+---------+-------+---------+---------+-------+---------
           D:1 |       0 |      23 |   0.0 |       0 |      16 |   0.0 |  1003
           D:2 |       0 |      25 |   0.0 |       0 |      12 |   0.0 |    83
               +---------+---------+-------+---------+---------+-------+---------
